 Dungeon Crawl Stone Soup version 0.26.0-16-gc1dbca0489 (webtiles) character file.

Game seed: 10496109384538056439

219 kaeus the Sneak (level 5, -2/37 HPs)
             Began as an Octopode Berserker on Jan 20, 2021.
             Was a Believer of Trog.
             Slain by a scorpion (9 damage)
             ... on level 3 of the Dungeon.
             The game lasted 00:04:03 (1917 turns).

kaeus the Sneak (Octopode Berserker)                Turns: 1917, Time: 00:04:03

Health: -2/37      AC:  1    Str: 17    XL:     5   Next: 96%
Magic:  5/5        EV: 14    Int:  9    God:    Trog [**....]
Gold:   142        SH:  0    Dex: 12    Spells: 4/4 levels left

rFire    . . .     SeeInvis .   g - +1 dagger (venom)
rCold    . . .     Faith    .   (no shield)
rNeg     . . .     Spirit   .   (helmet restricted)
rPois    .         Reflect  .   (no amulet)
rElec    .         Harm     .   (no ring)
rCorr    .         Rampage  .   (no ring)
Will     ++...                  (no ring)
Stlth    ++++......             (no ring)
HPRegen  1.12/turn              (no ring)
MPRegen  0.09/turn              (no ring)
                                (no ring)
                                (no ring)

@: brilliant, lethally poisoned (-2 -> -2), berserk cooldown, regenerating,
slowed, very slow
A: almost no armour, stealthy swim, amphibious, 8 rings, constrict 8, camouflage
1, gelatinous body 1
a: Renounce Religion, Berserk, Trog's Hand


You were on level 3 of the Dungeon.
You worshipped Trog.
Trog was pleased with you.
You visited 1 branch of the dungeon, and saw 3 of its levels.

You collected 142 gold pieces.

Inventory:

Hand Weapons
 g - a +1 dagger of venom (weapon)
Scrolls
 a - a scroll of enchant weapon {unknown}
 d - 4 scrolls of remove curse {unknown}
 f - 3 scrolls of identify {unknown}
 k - a scroll of magic mapping {unknown}
Potions
 b - 2 potions of curing
 c - a potion of berserk rage {unknown}
 e - a potion of invisibility {unknown}
 h - 2 potions of brilliance
 i - a potion of heal wounds {unknown}
 j - a potion of attraction {unknown}


   Skills:
 + Level 3.9 Fighting
 + Level 3.8 Short Blades
 + Level 3.9 Dodging
 * Level 4.9 Stealth


You had 4 spell levels left.
You didn't know any spells.
Your spell library was empty.

Dungeon Overview and Level Annotations

Branches:
Dungeon (3/15)

Altars:

Annotations:
D:3 SnakkuSnakku7's ghost, amateur VSAM


Innate Abilities, Weirdness & Mutations

You cannot wear most types of armour.
You are very stealthy in the water. (Stealth+)
You are amphibious.
You can wear up to eight rings at the same time.
You can use your tentacles to constrict eight enemies at once.
Your skin changes colour to match your surroundings (Stealth+).
Your rubbery body absorbs attacks. (AC +1, EV +1)


Message History

Your grab misses the adder.
The adder is almost dead.
You feel sick. The adder barely misses you.
You miss the adder. Your grab misses the adder. Your squeeze misses the adder.
The adder is almost dead.
You kill the adder!
Trog accepts your kill. The scorpion barely misses you.
Your skin crawls.
You feel strong-willed.
You feel sick. The scorpion stings you!
* * * LOW HITPOINT WARNING * * *
It was a potion of curing.
You feel better. The scorpion stings you!
* * * LOW HITPOINT WARNING * * *
You are poisoned.
The scorpion poisons you! The scorpion barely misses you.
It was a potion of brilliance.
You feel clever all of a sudden.
You feel sick. The scorpion stings you!
You die...

#. #.#.#...#.#...
#.###.#..#.#..#.#
......#.#..K#.#.
#.....#.......# #
#.....#.......#.#
#.....###'''###.#
#.......))..[...#
#.......##..)K#####
#........####Ws@†>###.####
#...........#####><.......
#.......###..# #.....####
#.####### ... #.##...... #
#. ..# #..##. .### #... .#
##.# .. . #.


You could see a scorpion, SnakkuSnakku7's ghost and a kobold.

Vanquished Creatures
  Natasha (thrice) (D:2)
  Robin (D:2)
  3 gnolls (D:3)
  4 adders
  2 worms (D:2)
  A dart slug (D:1)
  3 leopard geckos
  3 giant cockroaches
  16 goblins
  5 hobgoblins
  2 jackals (D:2)
  7 bats
  5 frilled lizards
  4 kobolds
  A rat (D:2)
60 creatures vanquished.

Notes
Turn   | Place    | Note
-------+----------+-------------------------------------------
     0 | D:1      | kaeus the Octopode Berserker began the quest for the Orb.
     0 | D:1      | Reached XP level 1. HP: 16/16 MP: 1/1
   129 | D:1      | Reached skill level 1 in Stealth
   132 | D:1      | Reached XP level 2. HP: 16/21 MP: 2/2
   371 | D:1      | Reached skill level 2 in Stealth
   576 | D:2      | Reached XP level 3. HP: 22/26 MP: 3/3
   769 | D:2      | Noticed Natasha
   776 | D:2      | Killed Natasha
   776 | D:2      | Reached ** piety under Trog
   777 | D:2      | Reached skill level 3 in Stealth
   777 | D:2      | Reached XP level 4. HP: 31/31 MP: 4/4
   787 | D:2      | Noticed Robin
   799 | D:2      | Killed Robin
  1171 | D:2      | Noticed Natasha
  1177 | D:2      | Killed Natasha
  1225 | D:2      | Reached skill level 4 in Stealth
  1225 | D:2      | Reached XP level 5. HP: 36/36 MP: 5/5
  1573 | D:2      | Noticed Natasha
  1577 | D:2      | Killed Natasha
  1741 | D:3      | Found a runed translucent gate.
  1742 | D:3      | Found a runed translucent gate.
  1742 | D:3      | Found a runed translucent gate.
  1743 | D:3      | Noticed SnakkuSnakku7's ghost (amateur VSAM)
  1917 | D:3      | Slain by a scorpion

Illustrated notes

Levels and vault maps discovered:
D:1:      lemuel_arrival_tunnels, layout_rooms
D:2:      layout_loops_ring, uniq_robin, uniq_natasha
D:3:      layout_rooms, general_overflow_altar, gammafunk_ghost_split,
          minmay_cut_off

Skill      XL: |  1  2  3  4 |
---------------+-------------+-----
Stealth        | 1 2 3 4 |  4.9
Fighting       | |  3.9
Short Blades   | |  3.8
Dodging        | |  3.9

Action                   |  1- 3 |  4- 6 || total
-------------------------+-------+-------++-------
Melee: Short sword       |    18 |       ||    18
       Constrict         |    14 |    16 ||    30
       Tentacles         |     5 |    13 ||    18
       Dagger            |    37 |    69 ||   106
Invok: Trog's Hand       |       |     3 ||     3
       Berserk           |       |     2 ||     2
  Use: Potion            |       |     2 ||     2
 Stab: Sleeping          |     5 |     4 ||     9
       Distracted        |     1 |       ||     1
Armor: Skin              |     8 |     1 ||     9
Dodge: Dodged            |    29 |    44 ||    73
